cohdb
Replays
Latest Replays
All Replays
Popular Replays
Top Player Replays
Match Explorer
How It Works
Community
CoH3 Stats
Reddit
Sign in to upload your games and track your stats! →
Sign in with Steam
Match 45802985
Unlisted
Match 45802985
Overview
Messages
Build Orders
End
Vickers Machine Gun Team
Construct Section Command Post
Selects Australian Defense Battlegroup
Selects Australian Light Infantry Section
Dingo Light Scout Car
Infantry Section
Infantry Section
Construct Platoon Command Post
Humber Armored Car
Selects 2-pounder Anti-tank Gun Team
2-pounder Anti-tank Gun Team
Humber Armored Car
CMP 15cwt Truck
6-pounder Anti-tank Gun Team
CMP 15cwt Truck
UMirinBrah?
Dark Angels
Fank
Tirant
Raiden
moemoe
WHAT CAN I SAY?
旧时光
0
0
Comments
sign in to comment!
No comments posted yet!